Map: Blackpink LE

Players

Maru

  • Race: Terran Terran
  • Spawn Location: 1:00

Solar - Winner!

  • Race: Zerg Zerg
  • Spawn Location: 7:00

Event: IEM Season 12 - Katowice

VOD

Have the link to the VOD?

Description

Time

  • Played on: March 3, 2018, 3:58 p.m.
  • Length: 9:49

All games in this series

Show
View Real Time Build Order
Export as new Build Order

Maru Terran 

Build Orders: Hellion Opening, Reaper Expand, MMM Bio 

Get SALT Encoding   

  12  0:00  SCV  
  13  0:13  SCV  
  14  0:18  Supply Depot  
  14  0:25  SCV  
  15  0:39  SCV  
  15  0:41  Barracks  
  16  0:43  Refinery  
  16  0:51  SCV  
  17  1:03  SCV  
  18  1:15  SCV  
  19  1:28  Reaper, Orbital Command  
  20  1:38  Command Center  
  20  1:49  Supply Depot  
  20  1:54  SCV  
  21  2:00  Marine  
  22  2:03  Factory  
  22  2:06  SCV  
  23  2:17  Refinery  
  23  2:18  SCV  
  23  2:21  Barracks Reactor  
  24  2:30  SCV  
  25  2:42  SCV  
  26  2:51  Orbital Command  
  26  2:53  Starport  
  26  2:54  SCV  
  27  3:01  Hellion x2  
  27  3:03  Barracks Tech Lab  
  31  3:08  Supply Depot, SCV  
  32  3:17  SCV  
  33  3:22  Hellion x2  
  33  3:24  SCV  
  38  3:29  SCV  
  39  3:34  Raven  
  39  3:36  Supply Depot  
  39  3:37  SCV  
  39  3:38  Barracks Tech Lab  
  42  3:41  SCV  
  42  3:43  Hellion  
  42  3:44  Hellion  
  47  3:49  SCV  
  47  3:54  SCV  
  49  4:00  Marine  
  49  4:01  Supply Depot, SCV, Stimpack  
  51  4:06  SCV  
  52  4:16  SCV, Command Center  
  53  4:18  SCV  
  54  4:28  Starport Reactor, Barracks x2  
  54  4:29  SCV  
  55  4:35  SCV  
  56  4:41  Engineering Bay  
  56  4:42  Marine, Engineering Bay  
  56  4:43  Refinery  
  57  4:46  Siege Tank  
  61  4:52  SCV  
  61  4:57  SCV  
  62  5:02  Marine  
  62  5:05  SCV  
  61  5:09  SCV  
  61  5:10  Terran Infantry Armor Level 1, Terran Infantry Weapons Level 1  
  62  5:16  Starport Reactor, Marine x2, Refinery  
  62  5:17  SCV  
  65  5:21  SCV  
  65  5:24  Marine x3  
  65  5:28  Orbital Command  
  69  5:29  SCV  
  69  5:30  Siege Tank  
  69  5:33  SCV  
  74  5:36  Marine  
  74  5:37  Marine  
  74  5:41  SCV  
  75  5:45  SCV  
  75  5:46  Marine x3  
  77  5:50  Supply Depot, Orbital Command  
  77  5:53  SCV, Medivac  
  77  5:54  Marine  
  81  5:57  SCV  
  81  5:59  Medivac  
  81  6:00  Marine  
  85  6:06  Supply Depot  
  85  6:07  Supply Depot  
  85  6:11  SCV x2, Marine x2  
  85  6:15  SCV  
  85  6:18  Combat Shields  
  87  6:19  Siege Tank  
  87  6:23  SCV x2  
  92  6:27  SCV  
  92  6:30  Marine x4  
  92  6:31  Marine  
  98  6:33  Medivac x2  
  98  6:35  SCV  
  98  6:36  SCV  
  98  6:37  Supply Depot  
  98  6:38  Supply Depot  
  104  6:41  SCV  
  105  6:47  SCV  
  105  6:48  Marine x3  
  105  6:52  Barracks  
  105  6:53  Barracks  
  109  6:58  SCV, Marine x2  
  109  6:59  SCV  
  109  7:00  Supply Depot  
  113  7:06  Marine x3  
  113  7:08  SCV  
  115  7:11  SCV x2  
  115  7:14  Siege Tank, Medivac  
  118  7:16  Marine x2  
  118  7:22  SCV  
  120  7:23  SCV, Marine, Armory  
  120  7:27  Marine x2  
  123  7:30  SCV  
  123  7:34  SCV, Marine x2  
  124  7:37  Missile Turret  
  124  7:41  Marine  
  119  7:45  Marine x2  
  119  7:46  Siege Tank  
  119  7:50  Marine  
  104  7:52  Marine x2  
  90  7:58  Medivac x2  
  90  7:59  Marine  
  90  8:03  Missile Turret, Marine x2  
  92  8:09  Marine x2  
  92  8:11  Barracks Tech Lab  
  92  8:12  SCV x2  
  94  8:17  Marine  
  94  8:18  Siege Tank, Barracks Tech Lab  
  94  8:19  SCV  
  98  8:21  Marine x2  
  98  8:22  Missile Turret  
  98  8:24  SCV x2  
  102  8:27  Marine x2  
  102  8:31  SCV  
  104  8:35  Marine  
  104  8:36  SCV, Marine  
  104  8:37  SCV  
  104  8:38  Marine x2, Refinery x2  
  104  8:41  Barracks Tech Lab, Concussive Shells  
  109  8:43  SCV  
  109  8:45  Marine  
  111  8:48  SCV, Factory  
  111  8:49  SCV  
  111  8:50  Siege Tank  
  111  8:55  SCV  
  117  8:59  Marine x4  
  117  9:00  SCV, Marine x2  
  117  9:01  SCV  
  125  9:06  Supply Depot  
  125  9:07  SCV  
  125  9:08  Refinery  
  126  9:12  Command Center  
  126  9:13  Supply Depot  
  126  9:14  Supply Depot, Marine  
  127  9:17  Marine x5  
  127  9:19  SCV  
  127  9:21  SCV  
  116  9:36  SCV x2  
Show
View Real Time Build Order
Export as new Build Order

Solar Zerg - Winner!

Build Orders: Hatch First 

Get SALT Encoding   

  12  0:02  Drone  
  13  0:12  Overlord  
  13  0:17  Drone  
  14  0:31  Drone x2  
  14  0:34  Drone  
  17  0:51  Hatchery  
  17  0:54  Drone  
  17  0:59  Drone  
  18  1:04  Extractor  
  17  1:13  Spawning Pool  
  17  1:15  Drone  
  17  1:18  Drone  
  18  1:29  Drone  
  19  1:40  Drone  
  20  1:49  Overlord  
  20  2:00  Queen  
  22  2:03  Queen  
  22  2:04  Zergling x4  
  22  2:05  Metabolic Boost  
  26  2:24  Hatchery  
  26  2:25  Drone  
  26  2:29  Drone  
  27  2:31  Drone  
  27  2:34  Drone  
  29  2:38  Drone  
  30  2:46  Queen  
  30  2:50  Overlord  
  32  2:54  Drone  
  32  2:57  Drone  
  32  2:58  Drone  
  35  3:01  Drone  
  36  3:09  Drone x2  
  36  3:12  Drone x3  
  41  3:18  Drone  
  41  3:19  Overlord  
  42  3:28  Drone  
  42  3:29  Drone  
  44  3:36  Queen  
  44  3:37  Drone  
  44  3:38  Queen  
  44  3:40  Zergling x4  
  51  3:42  Drone x2  
  51  3:46  Overlord  
  53  3:51  Lair  
  53  3:53  Drone  
  53  3:54  Drone  
  55  3:57  Drone  
  55  3:58  Zergling x2  
  55  3:59  Zergling x2  
  58  4:02  Overlord  
  58  4:08  Roach Warren  
  57  4:10  Overlord  
  57  4:11  Drone  
  57  4:14  Overlord  
  58  4:20  Queen  
  58  4:21  Drone, Extractor  
  58  4:22  Extractor  
  59  4:26  Drone  
  59  4:27  Drone x3  
  59  4:29  Zergling x2  
  59  4:30  Drone  
  65  4:32  Drone  
  65  4:33  Drone  
  65  4:34  Drone  
  68  4:40  Drone  
  68  4:42  Drone  
  71  4:45  Drone  
  71  4:46  Drone x3  
  71  4:48  Drone  
  71  4:49  Overlord  
  71  4:51  Overlord  
  75  4:56  Zergling x2  
  75  4:57  Zergling x4  
  70  5:07  Glial Reconstitution  
  70  5:08  Roach  
  70  5:09  Roach x2, Spire  
  70  5:12  Extractor x2  
  73  5:17  Roach  
  73  5:19  Zergling x12  
  81  5:23  Drone  
  81  5:24  Drone  
  81  5:27  Drone  
  83  5:31  Roach x2  
  87  5:38  Overlord  
  87  5:40  Overlord  
  87  5:41  Drone  
  88  5:48  Drone  
  88  5:49  Hatchery  
  88  5:51  Extractor  
  88  5:53  Overlord  
  87  5:57  Roach  
  87  5:58  Roach x5  
  87  6:02  Drone  
  100  6:06  Drone x3  
  100  6:09  Drone x2  
  105  6:11  Overlord  
  105  6:17  Overlord  
  105  6:22  Mutalisk x4  
  105  6:23  Mutalisk  
  115  6:28  Mutalisk  
  115  6:31  Mutalisk  
  119  6:37  Evolution Chamber, Mutalisk  
  119  6:38  Evolution Chamber, Drone x2  
  119  6:39  Drone  
  122  6:41  Drone  
  122  6:45  Overlord  
  122  6:46  Drone  
  123  6:50  Drone  
  123  6:54  Overlord  
  124  6:57  Ravager x3  
  124  6:58  Roach x4  
  133  7:02  Roach x2  
  133  7:07  Roach x2  
  138  7:09  Roach  
  138  7:12  Roach x2  
  142  7:16  Roach x2  
  142  7:18  Zerg Missile Weapons Level 1  
  142  7:20  Roach  
  142  7:22  Roach  
  149  7:24  Roach  
  149  7:25  Overlord  
  151  7:30  Overlord  
  151  7:35  Drone, Zerg Ground Armor Level 1  
  152  7:38  Overlord  
  152  7:39  Overlord  
  152  7:41  Overlord  
  152  7:43  Overlord  
  148  7:50  Roach x4  
  148  7:51  Roach x2  
  140  7:54  Roach x2  
  140  7:56  Roach  
  132  7:59  Roach x2  
  132  8:04  Roach x3  
  142  8:07  Roach  
  142  8:09  Roach  
  142  8:11  Overseer  
  146  8:13  Ravager  
  146  8:19  Roach x4  
  155  8:26  Ravager  
  156  8:28  Roach x5  
  168  8:34  Roach x3  
  168  8:36  Roach  
  168  8:37  Roach  
  168  8:39  Roach  
  168  8:40  Roach  
  176  8:43  Roach x2  
  176  8:46  Roach  
  176  8:47  Roach  
  182  8:49  Roach  
  182  8:51  Roach  
  182  8:52  Roach  
  188  8:57  Ravager x2  
  188  8:58  Roach  
  188  8:59  Roach  
  198  9:02  Roach  
  198  9:03  Roach  
  198  9:06  Ravager  
  191  9:24  Roach x2  

Tags
 
Add a new tag
Caveats
  • Supply blocks, unpowered buildings, or Contaminate may cause inaccurate times.
  • Supply counts are checked every 10 seconds.